 Dungeon Crawl Stone Soup version 0.26.1 (webtiles) character file.

Game seed: 10157893547932181491

75 Gauvater the Skirmisher (level 4, -2/40 HPs)
             Began as a Palentonga Fighter on Feb 7, 2021.
             Succumbed to a hobgoblin's poison
             ... on level 1 of the Dungeon.
             The game lasted 00:03:46 (1152 turns).

Gauvater the Skirmisher (Palentonga Fighter)        Turns: 1152, Time: 00:03:47

Health: -2/40      AC:  6    Str: 20    XL:     4   Next: 11%
Magic:  4/4        EV:  5    Int:  8    God:
Gold:   51         SH:  9    Dex: 10    Spells: 3/3 levels left

rFire    . . .     SeeInvis +   a - +0 war axe
rCold    . . .     Faith    .   c - +0 kite shield
rNeg     . . .     Spirit   +   b - +0 scale mail
rPois    .         Reflect  .   (no helmet)
rElec    .         Harm     .   (no cloak)
rCorr    .         Rampage  .   (no gloves)
Will     .....                  (no barding)
Stlth    ..........             l - amulet of guardian spirit
HPRegen  0.13/turn              (no ring)
MPRegen  0.09/turn              (no ring)

@: lethally poisoned (-2 -> -28)
A: large, rugged brown scales 3, see invisible, deformed body, roll 1, armoured
tail
a: Rolling Charge


You were on level 1 of the Dungeon.
You visited 1 branch of the dungeon, and saw 2 of its levels.

You collected 51 gold pieces.

Inventory:

Hand Weapons
 a - a +0 war axe (weapon)
Missiles
 e - 91 stones
 g - 27 arrows
 m - 18 sling bullets
Armour
 b - a +0 scale mail (worn)
 c - a +0 kite shield (worn)
Jewellery
 l - an amulet of guardian spirit (around neck)
Scrolls
 f - a scroll of blinking {unknown}
 h - 2 scrolls of identify {unknown}
 j - a scroll of teleportation {unknown}
 k - a scroll of remove curse {unknown}
Potions
 d - 3 potions of might


   Skills:
 + Level 3.5 Fighting
 + Level 2.7 Axes
 + Level 2.8 Armour
 + Level 0.2 Dodging
 + Level 2.9 Shields


You had 3 spell levels left.
You didn't know any spells.
Your spell library was empty.

Dungeon Overview and Level Annotations

Branches:
Dungeon (2/15)

Altars:


Innate Abilities, Weirdness & Mutations

You are completely covered in rugged brown scales. (AC +3, +7% HP)
You have supernaturally acute eyesight. (SInv)
Armour fits poorly on your strangely shaped body.
You can roll at nearby foes to attack.
You have a long armoured tail.


Message History

* * * LOW HITPOINT WARNING * * *
You feel very sick.
* * * LOW HITPOINT WARNING * * *
You feel sick.
* * * LOW HITPOINT WARNING * * *
You feel sick.
* * * LOW HITPOINT WARNING * * *
You feel sick.
* * * LOW HITPOINT WARNING * * *
You feel sick.
You see here a leopard gecko skeleton.
* * * LOW HITPOINT WARNING * * *
You feel sick.
There is a stone staircase leading up here.
* * * LOW HITPOINT WARNING * * *
You feel sick.
The hobgoblin throws a poisoned dart.
The poisoned dart hits you!
You are more poisoned.
You climb upwards.
You die...

.8≈8≈8.#.# .#####.#.# #######
#.....##.# #...... ########.#
#...... ##..##### #......
#.......# #...... #.......#
###...... #.......#
##########........
###.......###@..............†.
#...........#.########.#######
#.#########.#.................
##'### #.#.########'#######
###....### #.#.# #...........#
#........# #.#.# #......)....#
#........# #.#.# #...........#
#........#
###'#'####...........#
####'#####
#....................#


There were no monsters in sight!

Vanquished Creatures
  4 adders (D:2)
  A worm (D:2)
  A dart slug (D:1)
  3 leopard geckos
  6 giant cockroaches (D:1)
  2 hobgoblins (D:1)
  6 kobolds (D:1)
  A bat (D:1)
  3 frilled lizards (D:1)
  5 goblins
  A rat (D:1)
33 creatures vanquished.

Notes
Turn   | Place    | Note
-------+----------+-------------------------------------------
     0 | D:1      | Gauvater the Palentonga Fighter began the quest for the
                  | Orb.
     0 | D:1      | Reached XP level 1. HP: 20/20 MP: 1/1
   131 | D:1      | You fall into a shaft and drop 1 floor!
   153 | D:2      | Reached XP level 2. HP: 24/27 MP: 2/2
   599 | D:1      | Reached XP level 3. HP: 33/33 MP: 3/3
  1139 | D:2      | Reached XP level 4. HP: 18/40 MP: 2/4
  1150 | D:2      | HP: 2/40 [poisoned by a hobgoblin]
  1152 | D:1      | Succumbed to a hobgoblin's poison

Illustrated notes

Levels and vault maps discovered:
D:1:      lightli_arrival_statue_moat, layout_basic
D:2:      layout_basic, grunt_qazlal_clouds

Action                   |  1- 3 |  4- 6 || total
-------------------------+-------+-------++-------
Melee: War axe           |    96 |       ||    96
       Tailslap          |     5 |       ||     5
 Abil: Rolling Charge    |     1 |       ||     1
  Use: Potion            |     1 |       ||     1
Armor: Scale mail        |    59 |       ||    59
Dodge: Dodged            |    37 |     1 ||    38
Block: Kite shield       |    60 |     1 ||    61
